[Event "Team 45 45 League T87"]
[Site "Internet Chess Club"]
[Date "2021.03.01"]
[Round "8"]
[White "room-matt"]
[Black "Goli"]
[Result "1-0"]
[WhiteElo "1808"]
[BlackElo "1754"]
[Opening "Caro-Kann: Goldman (Spielmann) variation"]
[ECO "B11"]
[Time "13:30:50"]
[TimeControl "2700+45"]

1. e4 c6 2. Nc3 d5 3. Qf3 d4 4. Bc4 e6 5. Nce2 b5 6. Bb3 Bb7 7. c3 c5 8. cxd4
cxd4 9. Qd3 Qb6 10. Nxd4 a6 11. Ngf3 Nf6 12. e5 Nd5 13. O-O Bc5 14. Ne2 h6 15.
a4 O-O 16. Bc2 g6 17. Qb3 Nb4 18. d4 Bd5 19. Qc3 Rc8 20. dxc5 Rxc5 21. Qxb4 Rxc2
22. Ned4 Rc4 23. Qe7 Rxd4 24. Bxh6 Nd7 25. Nxd4 Qxd4 26. Qxd7 Qh4 27. Bd2 Bxg2
28. Rfc1 Qg4 29. Qd3 Bf3+ 30. Kf1 Qg2+ 31. Ke1 Qg1+ 32. Qf1 Qxh2 33. Rc5 Kg7 34.
axb5 Rd8 35. bxa6 Rd4 36. a7 Bg2 37. a8=Q Bxf1 38. Qf3 Bg2 39. Qf6+ {Black
resigns} 1-0

[Event "Team 45 45 League T87"]
[Site "Internet Chess Club"]
[Date "2021.02.26"]
[Round "8"]
[White "Egmont"]
[Black "pishd"]
[Result "1/2-1/2"]
[WhiteElo "1704"]
[BlackElo "1889"]
[Opening "QGD semi-Slav: 5.e3"]
[ECO "D45"]
[Time "09:02:53"]
[TimeControl "2700+45"]

1. d4 d5 2. c4 e6 3. Nc3 Nf6 4. Nf3 c6 5. e3 Bd6 6. b3 Nbd7 7. Bd3 b6 8. O-O Bb7
9. cxd5 cxd5 10. Nb5 Be7 11. Ba3 Bxa3 12. Nxa3 a6 13. Rc1 O-O 14. Nb1 Rc8 15.
Rxc8 Qxc8 16. Qc1 Nb8 17. Ne5 Qxc1 18. Rxc1 Rc8 19. Rxc8+ Bxc8 20. f3 {Game
drawn by mutual agreement} 1/2-1/2

[Event "Team 45 45 League T87"]
[Site "Internet Chess Club"]
[Date "2021.03.02"]
[Round "8"]
[White "Zugzwanged"]
[Black "ascoli"]
[Result "0-1"]
[WhiteElo "1703"]
[BlackElo "1751"]
[Opening "French: Winawer (Nimzovich) variation"]
[ECO "C15"]
[Time "11:00:15"]
[TimeControl "2700+45"]

1. e4 e6 2. d4 d5 3. Nc3 Bb4 4. exd5 exd5 5. Bd3 Ne7 6. Qh5 g6 7. Qf3 Nbc6 8.
Ne2 Nf5 9. Be3 O-O 10. O-O-O Nxe3 11. Qxe3 Re8 12. Qh6 Bxc3 13. Nxc3 Nb4 14. h4
c6 15. h5 Nxd3+ 16. Rxd3 Bf5 17. Rg3 Re7 18. hxg6 fxg6 19. Re3 Rf7 20. Ne2 Qf8
21. Qh4 Re8 22. Rxe8 Qxe8 23. Ng3 Re7 24. Kd2 Bc8 25. f4 h5 26. Qg5 Bg4 27. Nf5
Re2+ 28. Kd3 Qe4+ 29. Kc3 Qxc2+ 30. Kb4 Qxb2+ {White resigns} 0-1

[Event "Team 45 45 League T87"]
[Site "Internet Chess Club"]
[Date "2021.03.02"]
[Round "8"]
[White "cityprosecutor"]
[Black "dalmata"]
[Result "1-0"]
[WhiteElo "1702"]
[BlackElo "1554"]
[Opening "French: King's Indian attack"]
[ECO "C00"]
[Time "13:08:19"]
[TimeControl "2700+45"]

1. e4 e6 2. d3 d5 3. Nd2 Nf6 4. g3 Be7 5. Bg2 O-O 6. Ngf3 c5 7. O-O Nc6 8. e5
Nd7 9. Re1 Qc7 10. Qe2 f6 11. exf6 Nxf6 12. Bh3 e5 13. Bxc8 Raxc8 14. Nxe5 Nxe5
15. Qxe5 Qxe5 16. Rxe5 Bd6 17. Re6 Rc6 18. Nf3 Ng4 19. Kg2 Rf6 20. Rxf6 Nxf6 21.
Bd2 h6 22. Re1 Kf7 23. Ne5+ Bxe5 24. Rxe5 Re6 25. Bf4 g5 26. Rxe6 Kxe6 27. Bb8
a6 28. f4 Ng4 29. fxg5 hxg5 30. Ba7 Ne3+ 31. Kf3 Nxc2 32. Bxc5 Kf5 33. g4+ Kg6
34. Ke2 Kf6 35. Kd2 b6 36. Bxb6 Nb4 37. Bd4+ Kg6 38. a3 Nc6 39. Kc3 Kf7 40. h3
a5 41. b4 axb4+ 42. axb4 Ke6 43. b5 Nd8 44. b6 Kd6 45. Be3 Nf7 46. Kd4 Kc6 47.
b7 Kxb7 48. Kxd5 Kc7 49. Ke6 {Black resigns} 1-0

[Event "Team 45 45 League T87"]
[Site "Internet Chess Club"]
[Date "2021.03.01"]
[Round "8"]
[White "McDreasor"]
[Black "janh"]
[Result "1/2-1/2"]
[WhiteElo "1924"]
[BlackElo "1980"]
[Opening "Caro-Kann: Tartakower (Nimzovich) variation"]
[ECO "B15"]
[Time "14:01:22"]
[TimeControl "2700+45"]

1. e4 c6 2. d4 d5 3. Nc3 dxe4 4. Nxe4 Nf6 5. Nxf6+ exf6 6. Nf3 Bd6 7. Bd3 O-O 8.
O-O Re8 9. h3 Be6 10. c4 Bc7 11. Re1 Qd6 12. Qc2 g6 13. Bd2 Nd7 14. Rad1 Nf8 15.
a3 Rad8 16. Bb4 Qd7 17. d5 Bxh3 18. gxh3 Rxe1+ 19. Nxe1 Qxh3 20. f3 cxd5 21.
cxd5 Bf4 22. Qg2 Be3+ 23. Kf1 Qh4 24. Nc2 Bb6 25. Be1 Qa4 26. Qg4 Qe8 27. Qe4
Qd7 28. Qg4 f5 29. Qg3 Qxd5 30. Be2 Qc5 31. Rxd8 Bxd8 32. Nb4 Bf6 33. Nd3 Qc8
34. Qd6 Ne6 35. Bb4 b6 36. Bd2 Kg7 37. Ne5 Qc2 38. Bc3 Qc1+ 39. Qd1 Qh6 40. Kg2
Nf4+ 41. Kg1 Qh3 42. Qf1 Qg3+ 43. Kh1 Qh4+ 44. Kg1 Nd5 45. Nd3 Nxc3 46. bxc3
Bxc3 47. Kg2 f4 48. Qf2 Qg5+ 49. Kf1 Qf6 50. Bd1 Bd4 51. Qd2 g5 52. Nf2 Be3 53.
Qd5 Bxf2 54. Kxf2 Qb2+ 55. Kf1 h6 56. Qd3 Qf6 57. Bc2 Qc6 58. Qh7+ Kf8 59. Qh8+
Ke7 60. Qe5+ Qe6 61. Qc7+ Kf6 62. Qd8+ Kg7 63. Qd4+ Qf6 64. Qd3 Qe6 65. Qd4+ Qf6
66. Qd3 Kf8 67. Qd7 a5 68. a4 Qe6 69. Qd3 Ke7 70. Qa3+ Qd6 71. Qc3 Qc5 72. Qd3
h5 73. Bb3 Kf6 74. Kg2 g4 75. fxg4 hxg4 76. Qd8+ Kg7 77. Qd1 f3+ 78. Kg3 Qb4 79.
Qa1+ Kg6 80. Bc2+ f5 81. Qd1 Qc5 82. Qd3 Qe5+ 83. Kf2 Kg5 84. Qd8+ Qf6 85. Qg8+
Kh6 86. Qc8 Qd4+ 87. Kf1 Qc5 88. Qxf5 Qxf5 89. Bxf5 Kg5 90. Be4 Kf4 91. Bc6 Ke3
92. Bd7 g3 93. Bb5 Kf4 94. Bc6 Kg4 95. Kg1 Kf4 96. Kf1 Ke3 97. Bb5 Kd4 98. Bc6
Ke3 99. Bb5 {Game drawn by repetition} 1/2-1/2

[Event "Team 45 45 League T87"]
[Site "Internet Chess Club"]
[Date "2021.02.27"]
[Round "8"]
[White "VictorRed"]
[Black "elmaestro"]
[Result "1-0"]
[WhiteElo "1673"]
[BlackElo "1657"]
[Opening "Sicilian: Najdorf"]
[ECO "B90"]
[Time "20:08:49"]
[TimeControl "2700+45"]

1. e4 c5 2. Nf3 d6 3. d4 cxd4 4. Nxd4 Nf6 5. Nc3 a6 6. f3 e6 7. Be3 Be7 8. Qd2
Qc7 9. g4 Nc6 10. Nxc6 Qxc6 11. O-O-O O-O 12. h4 b5 13. Bg2 b4 14. Ne2 e5 15. h5
Be6 16. Kb1 Rfc8 17. g5 Nd7 18. f4 exf4 19. Bxf4 Ne5 20. Nd4 Bxa2+ 21. Kxa2 Qa4+
22. Kb1 Nc4 23. Qd3 Nxb2 24. Kxb2 Rc3 25. Ra1 Qd7 26. Qe2 Rac8 27. Bh3 Rxh3 28.
Rxh3 Qxh3 29. Qf3 Qxf3 30. Nxf3 Ra8 31. Nd4 g6 32. hxg6 hxg6 33. Nc6 Bf8 34.
Nxb4 Rb8 35. Kb3 Rb6 36. Rxa6 Rxa6 37. Nxa6 f5 38. exf5 gxf5 39. Kc4 Kg7 40. Kd5
Kg6 41. Nc7 Kh5 42. Ne6 Be7 43. c4 Kg4 44. Bxd6 Bxg5 45. Nxg5 Kxg5 46. c5 Kg6
47. c6 Kf6 48. c7 {Black resigns} 1-0

[Event "Team 45 45 League T87"]
[Site "Internet Chess Club"]
[Date "2021.02.28"]
[Round "8"]
[White "Signofthetimes"]
[Black "Portola"]
[Result "1/2-1/2"]
[WhiteElo "1606"]
[BlackElo "1719"]
[Opening "French defense"]
[ECO "C00"]
[Time "11:00:18"]
[TimeControl "2700+45"]

1. e4 e6 2. Nf3 d5 3. exd5 exd5 4. d4 Nf6 5. Nc3 Be7 6. Bd3 O-O 7. h3 Nbd7 8.
Be3 c6 9. Qd2 b5 10. a3 Bb7 11. O-O Nb6 12. Rfe1 Nc4 13. Bxc4 bxc4 14. b4 Nd7
15. Re2 Bf6 16. Rae1 Re8 17. Bg5 Rxe2 18. Rxe2 Nf8 19. Bxf6 Qxf6 20. Qg5 Qxg5
21. Nxg5 Ng6 22. g3 h6 23. Nf3 Kf8 24. Na4 Bc8 25. Kg2 Bf5 26. Nc5 Re8 27. Rxe8+
Kxe8 28. c3 Ke7 29. Nd2 Bc8 30. f4 Nf8 31. g4 g6 32. Kg3 Ne6 33. Nxe6 Bxe6 34.
h4 f6 35. g5 h5 36. gxf6+ Kxf6 37. Nf3 Bd7 38. Ne5 Be8 39. Kf3 Kf5 40. Ke3 Ke6
41. Kf3 Kf5 42. Ke3 Ke6 {Game drawn by mutual agreement} 1/2-1/2

[Event "Team 45 45 League T87"]
[Site "Internet Chess Club"]
[Date "2021.02.28"]
[Round "8"]
[White "Andressa"]
[Black "evan7284"]
[Result "0-1"]
[WhiteElo "1349"]
[BlackElo "1674"]
[Opening "Four knights: Italian variation"]
[ECO "C47"]
[Time "14:06:51"]
[TimeControl "2700+45"]

1. e4 e5 2. Nf3 Nf6 3. Nc3 Nc6 4. Bc4 Nxe4 5. Nxe4 d5 6. Bxd5 Qxd5 7. Nc3 Qd8 8.
O-O Bg4 9. h3 Bh5 10. Re1 Bd6 11. d4 O-O 12. Nb5 Re8 13. dxe5 Nxe5 14. Nxd6
Nxf3+ 15. gxf3 Rxe1+ 16. Qxe1 Qxd6 17. Qe4 c6 18. Bf4 Qd7 19. Kg2 Re8 20. Qc4
Qf5 21. Rd1 g5 22. Bg3 Qxf3+ {White resigns} 0-1

[Event "Team 45 45 League T87"]
[Site "Internet Chess Club"]
[Date "2021.02.28"]
[Round "8"]
[White "harishbn"]
[Black "PolishRyszard"]
[Result "1/2-1/2"]
[WhiteElo "1934"]
[BlackElo "1863"]
[Opening "Philidor: Improved Hanham variation"]
[ECO "B07"]
[Time "07:30:51"]
[TimeControl "2700+45"]

1. e4 d6 2. d4 Nf6 3. Nc3 Nbd7 4. Nf3 e5 5. Bc4 Be7 6. O-O c6 7. a4 a5 8. Re1
Qc7 9. h3 h6 10. Be3 g5 11. Qd3 Rg8 12. dxe5 dxe5 13. g4 Nf8 14. Rad1 Ne6 15.
Ne2 h5 16. Bxe6 Bxe6 17. Nxg5 hxg4 18. h4 Rh8 19. Ng3 Rxh4 20. Kg2 c5 21. Nxe6
fxe6 22. Qc4 Qc6 23. Bg5 Rh8 24. Qc3 Qc7 25. Rh1 Rxh1 26. Rxh1 O-O-O 27. Qc4 Qc6
28. Be3 Kb8 29. Rh6 {Game drawn by mutual agreement} 1/2-1/2

[Event "Team 45 45 League T87"]
[Site "Internet Chess Club"]
[Date "2021.03.01"]
[Round "8"]
[White "cadmiumorange"]
[Black "martineden"]
[Result "1/2-1/2"]
[WhiteElo "1777"]
[BlackElo "1850"]
[Opening "Réti: King's Indian attack (Barcza system)"]
[ECO "A07"]
[Time "09:32:14"]
[TimeControl "2700+45"]

1. Nf3 d5 2. g3 Nf6 3. Bg2 Bf5 4. d3 e6 5. O-O Be7 6. Nbd2 h6 7. Qe1 O-O 8. e4
Bh7 9. Qe2 c5 10. Re1 Nc6 11. e5 Nd7 12. Nf1 b5 13. h4 Rc8 14. N1h2 c4 15. dxc4
bxc4 16. Bf4 Qb6 17. c3 a5 18. Qd2 a4 19. Ng4 h5 20. Ne3 Rb8 21. Nxd5 exd5 22.
e6 fxe6 23. Bxb8 Ndxb8 24. Rxe6 Bf5 25. Re2 Be4 26. Rxe4 dxe4 27. Qd5+ Rf7 28.
Ng5 Bxg5 29. hxg5 Qxf2+ 30. Kh1 Qxg3 31. Rf1 Ne5 32. Qd8+ Kh7 33. Bxe4+ g6 34.
Rxf7+ Nxf7 35. Bxg6+ Kxg6 36. Qf6+ Kh7 37. Qxf7+ Kh8 38. Qf8+ {Game drawn by
mutual agreement} 1/2-1/2

[Event "Team 45 45 League T87"]
[Site "Internet Chess Club"]
[Date "2021.02.27"]
[Round "8"]
[White "laurenpar"]
[Black "pishd"]
[Result "1/2-1/2"]
[WhiteElo "1853"]
[BlackElo "1887"]
[Opening "Nimzovich-Larsen attack: classical variation"]
[ECO "A01"]
[Time "07:10:11"]
[TimeControl "2700+45"]

1. b3 d5 2. Bb2 e6 3. Nf3 Nf6 4. e3 Bd6 5. d4 O-O 6. Bd3 Nbd7 7. O-O b6 8. Nbd2
c5 9. Ne5 Bb7 10. f4 Qc7 11. c4 Rfd8 12. Rc1 Rac8 13. cxd5 exd5 14. Qe2 a6 15.
dxc5 bxc5 16. Nxd7 Nxd7 17. Qg4 g6 18. Rf3 Nf8 19. Rh3 Qe7 20. f5 Rb8 21. f6 Qe6
22. Qg5 d4 23. Nc4 Qd5 24. Qxd5 Bxd5 25. Nxd6 Rxd6 26. exd4 cxd4 27. Bc4 Bxc4
28. Rxc4 d3 29. Rc1 Rc8 30. Rd1 Rcd8 31. Kf2 Ne6 32. Ke3 Ng5 33. Rh4 Re6+ 34.
Kf4 Ne4 35. Kf3 Nxf6 36. Bxf6 Rxf6+ 37. Ke3 Rfd6 38. Rd2 f5 39. Rc4 Re8+ {Game
drawn by mutual agreement} 1/2-1/2

[Event "Team 45 45 League T87"]
[Site "Internet Chess Club"]
[Date "2021.03.01"]
[Round "8"]
[White "walkover"]
[Black "fishhead"]
[Result "1-0"]
[WhiteElo "1753"]
[BlackElo "1762"]
[Opening "King's Indian: Makagonov system (5.h3)"]
[ECO "E71"]
[Time "13:00:16"]
[TimeControl "2700+45"]

1. d4 Nf6 2. c4 g6 3. Nc3 Bg7 4. e4 d6 5. h3 Nbd7 6. Be3 c5 7. Nf3 cxd4 8. Nxd4
O-O 9. Be2 Nc5 10. Qc2 b6 11. g4 Bb7 12. f3 Rc8 13. O-O-O a6 14. Qd2 e6 15. b4
Ncd7 16. Kb1 Ne5 17. Bh6 Nxc4 18. Bxc4 Rxc4 19. Bxg7 Kxg7 20. Nc2 d5 21. g5 Nh5
22. exd5 Qc8 23. Ne4 Rd8 24. Ne3 Rxd5 25. Nxd5 Bxd5 26. Nd6 Qc6 27. Nxc4 Bxf3
28. Ne5 Qe4+ 29. Qd3 Bxh1 30. Qxe4 Bxe4+ 31. Kb2 Bd5 32. Nd7 b5 33. Nb8 Nf4 34.
h4 Ng2 35. Rd4 Ne3 36. Nxa6 Nf5 37. Rd2 Nxh4 38. Nc7 Bc4 39. Rd8 f5 40. a4 f4
41. axb5 f3 42. b6 Nf5 43. b7 f2 44. b8=Q {Black resigns} 1-0

[Event "Team 45 45 League T87"]
[Site "Internet Chess Club"]
[Date "2021.02.28"]
[Round "8"]
[White "Timmah4651"]
[Black "ILRE"]
[Result "1/2-1/2"]
[WhiteElo "1604"]
[BlackElo "1626"]
[Opening "French: Steinitz variation"]
[ECO "C11"]
[Time "08:00:19"]
[TimeControl "2700+45"]

1. e4 e6 2. d4 d5 3. Nc3 Nf6 4. e5 Nfd7 5. f4 c5 6. Nf3 a6 7. Be3 Nc6 8. Qd2 b5
9. a3 Bb7 10. Nd1 Qb6 11. c3 a5 12. Bd3 Be7 13. O-O b4 14. Bc2 Ba6 15. Rf2 b3
16. Bb1 a4 17. f5 Na5 18. fxe6 fxe6 19. Bg5 Nc4 20. Qc1 Qd8 21. Bxe7 Qxe7 22.
Qg5 cxd4 23. cxd4 Qxg5 24. Nxg5 Nf8 25. Bd3 Ra7 26. Nc3 h6 27. Nh3 Nb6 28. Bb5+
Bxb5 29. Nxb5 Re7 30. Nd6+ Kd7 31. Rc1 Ng6 32. Nf4 Nxf4 33. Rxf4 Nc8 34. Nb5 Kd8
35. Rcf1 Rhe8 36. R4f3 Rb7 37. Nc3 Nb6 38. Rf7 Rxf7 39. Rxf7 Re7 40. Rf8+ Re8
41. Rf7 Re7 42. Rf8+ Re8 43. Rf7 Re7 44. Rf8+ Re8 45. Rf7 Re7 46. Rf8+ Re8 47.
Rf7 Re7 48. Rf8+ Re8 49. Rf7 Re7 {Game drawn by repetition} 1/2-1/2

[Event "Team 45 45 League T87"]
[Site "Internet Chess Club"]
[Date "2021.02.25"]
[Round "8"]
[White "Constrictor"]
[Black "Grenadier"]
[Result "0-1"]
[WhiteElo "1524"]
[BlackElo "1569"]
[Opening "Nimzovich-Larsen attack: modern variation"]
[ECO "A01"]
[Time "20:01:23"]
[TimeControl "2700+45"]

1. b3 e5 2. Bb2 Nc6 3. e3 d5 4. Bb5 Bd6 5. Nf3 Qe7 6. c4 Nf6 7. c5 Bxc5 8. Nxe5
O-O 9. Nxc6 bxc6 10. Be2 Bf5 11. O-O Rad8 12. d4 Bd6 13. Nd2 Rfe8 14. Rc1 Bd7
15. h3 Ne4 16. Nxe4 Qxe4 17. Bd3 Qh4 18. Qf3 Re6 19. g3 Qh6 20. g4 Rf6 21. Qg2
Qh4 22. f4 Re6 23. Rf3 Rde8 24. Bf5 R6e7 25. Bxd7 Rxd7 26. Qg3 Qxg3+ 27. Rxg3
Rde7 28. Rxc6 Rxe3 29. Rxe3 Rxe3 30. Ra6 h6 31. Rxa7 Rxh3 32. Ra5 Rd3 33. Ra8+
Kh7 34. Ba3 Rd1+ 35. Kf2 Rd2+ 36. Ke3 Rxa2 37. Bxd6 Rxa8 38. Bxc7 Ra3 39. f5
Rxb3+ 40. Kf4 f6 41. Bd6 Rb1 42. Kf3 Re1 43. Bc5 g6 44. fxg6+ Kxg6 45. Kf4 Re4+
46. Kg3 Kg5 {White resigns} 0-1

[Event "Team 45 45 League T87"]
[Site "Internet Chess Club"]
[Date "2021.03.02"]
[Round "8"]
[White "GoIrish"]
[Black "Gojira"]
[Result "1/2-1/2"]
[WhiteElo "1515"]
[BlackElo "1519"]
[Opening "Réti: Nimzovich-Larsen attack"]
[ECO "A06"]
[Time "07:00:10"]
[TimeControl "2700+45"]

1. Nf3 d5 2. b3 Bf5 3. Bb2 Nd7 4. g3 Ngf6 5. Bg2 e6 6. O-O Be7 7. d3 h6 8. Nbd2
O-O 9. Qe1 c6 10. e4 dxe4 11. Nxe4 Nxe4 12. dxe4 Bh7 13. Rd1 Qc7 14. Qe2 Rad8
15. h4 Nc5 16. Nh2 Rxd1 17. Rxd1 Rd8 18. Rxd8+ Qxd8 19. Qg4 Bf6 20. e5 Be7 21.
Qe2 Na6 22. Be4 Bxe4 23. Qxe4 Qd1+ 24. Kg2 Qd5 25. Qxd5 cxd5 26. a3 Nc7 27. a4
Na6 28. Nf3 Nb4 29. Nd4 Nc6 30. Kf3 Nxe5+ 31. Ke2 Kf8 32. Nxe6+ fxe6 33. Bxe5
Bf6 34. f4 Bxe5 35. fxe5 Kf7 36. h5 g5 37. Kd3 Ke7 38. Kd4 Kd7 39. c4 dxc4 40.
Kxc4 Kc6 41. a5 b6 42. axb6 axb6 43. b4 b5+ 44. Kd4 Kb6 {Game drawn by mutual
agreement} 1/2-1/2

[Event "Team 45 45 League T87"]
[Site "Internet Chess Club"]
[Date "2021.02.27"]
[Round "8"]
[White "dabodhi"]
[Black "seattleblues"]
[Result "1-0"]
[WhiteElo "1482"]
[BlackElo "1313"]
[Opening "Caro-Kann: Tartakower (fantasy) variation"]
[ECO "B12"]
[Time "21:02:45"]
[TimeControl "2700+45"]

1. e4 c6 2. d4 d5 3. f3 dxe4 4. Be3 Nf6 5. c4 Bf5 6. Nc3 e6 7. g4 Bg6 8. g5 Nfd7
9. fxe4 Bb4 10. Bg2 e5 11. a3 exd4 12. Qxd4 Bxc3+ 13. Qxc3 O-O 14. Ne2 Na6 15.
b4 Nc7 16. h4 f5 17. h5 Be8 18. h6 Qe7 19. hxg7 Qxg7 20. Qxg7+ Kxg7 21. Ng3 f4
22. Bd4+ Kg8 23. Nf5 Rxf5 24. exf5 Bf7 25. O-O-O Bxc4 26. g6 hxg6 27. Rh8+ Kf7
28. Rh7+ Ke8 29. Re1+ Kd8 30. Rh8+ {Black resigns} 1-0

[Event "Team 45 45 League T87"]
[Site "Internet Chess Club"]
[Date "2021.02.24"]
[Round "8"]
[White "QuieroAprender"]
[Black "cayo89"]
[Result "1-0"]
[WhiteElo "1696"]
[BlackElo "1500"]
[Opening "Philidor's defense"]
[ECO "C41"]
[Time "19:58:20"]
[TimeControl "2700+45"]

1. e4 d6 2. Nf3 e5 3. Bc4 Be7 4. Nc3 Nf6 5. h3 Nbd7 6. Qe2 c6 7. a3 a5 8. d4 Qc7
9. Be3 h6 10. g4 b5 11. dxe5 dxe5 12. Bd3 b4 13. axb4 Bxb4 14. Bd2 Nc5 15. Na4
Bxd2+ 16. Nxd2 Ne6 17. Qe3 Nf4 18. Qb6 Qb7 19. Nc4 Nd7 20. Nd6+ {Black resigns}
1-0

[Event "Team 45 45 League T87"]
[Site "Internet Chess Club"]
[Date "2021.02.27"]
[Round "8"]
[White "liujf"]
[Black "kabindra"]
[Result "1/2-1/2"]
[WhiteElo "1573"]
[BlackElo "1613"]
[Opening "Queen's pawn, Mason variation"]
[ECO "D00"]
[Time "17:01:44"]
[TimeControl "2700+45"]

1. d4 d5 2. Bf4 Bf5 3. e3 e6 4. Nd2 Nc6 5. c3 Nf6 6. Qb3 Na5 7. Qa4+ c6 8. b4
Nc4 9. Nxc4 dxc4 10. Bxc4 b5 11. Bxb5 cxb5 12. Qxb5+ Qd7 13. Qxd7+ Nxd7 14. Nf3
Bd3 15. Kd2 Ba6 16. Rhc1 Rc8 17. a4 Bc4 18. e4 Be7 19. Ke3 O-O 20. b5 a6 21. Nd2
axb5 22. axb5 Bxb5 23. c4 Bc6 24. d5 exd5 25. exd5 Bc5+ 26. Kf3 Ba8 27. Ne4 f5
28. Nd6 Bxd6 29. Bxd6 Rfe8 30. Re1 Rxe1 31. Rxe1 Nb6 32. c5 Nxd5 33. Kg3 g5 34.
Re5 f4+ 35. Kg4 h6 36. Re6 Kf7 37. Rxh6 Nf6+ 38. Kxg5 Ne4+ 39. Kxf4 Nxc5 40. Kf5
Bxg2 41. Rf6+ Ke8 42. Rf8+ Kd7 43. Rxc8 Bh3+ 44. Kg6 Kxc8 45. Bxc5 Kd7 46. f4
Ke6 47. Kg5 Kd5 48. Bf8 Ke4 49. Kh4 Bf5 50. Bd6 Kd5 51. Be5 Ke6 52. Kg3 Kf7 53.
h4 Kg6 54. Kf3 Kh5 55. Bf6 Bb1 56. Ke3 Kg4 57. Bg5 Bg6 58. Kd4 Bh7 59. Ke5 Bb1
60. Be7 Bh7 61. Bg5 Bb1 62. Kf6 Bc2 63. Kg7 Kh5 64. Kf6 Kg4 65. Kf7 Bb1 66. Kg7
Kh5 {Game drawn by mutual agreement} 1/2-1/2

[Event "Team 45 45 League T87"]
[Site "Internet Chess Club"]
[Date "2021.02.27"]
[Round "8"]
[White "julesraider"]
[Black "mongmong"]
[Result "1/2-1/2"]
[WhiteElo "1580"]
[BlackElo "1477"]
[Opening "Queen's pawn"]
[ECO "A40"]
[Time "18:11:29"]
[TimeControl "2700+45"]

1. d4 e6 2. g3 Nf6 3. Bg2 d5 4. Nf3 b5 5. O-O Bb7 6. a4 b4 7. c3 Na6 8. Bg5 c5
9. a5 Rc8 10. Ne5 Be7 11. Qa4+ Kf8 12. Qb5 Qc7 13. Nd2 bxc3 14. bxc3 Nb8 15.
Rfb1 Ba6 16. Qa4 h6 17. Bxf6 Bxf6 18. Rxb8 Rxb8 19. Nd7+ Ke7 20. Nxb8 Rxb8 21.
e4 cxd4 22. cxd4 Qc3 23. e5 Qxd2 24. exf6+ Kxf6 25. Rd1 Qb4 {Game drawn by
mutual agreement} 1/2-1/2

[Event "Team 45 45 League T87"]
[Site "Internet Chess Club"]
[Date "2021.02.26"]
[Round "8"]
[White "Pawnchain"]
[Black "Toalla"]
[Result "1-0"]
[WhiteElo "1338"]
[BlackElo "1098"]
[Opening "Caro-Kann: classical variation"]
[ECO "B18"]
[Time "12:00:22"]
[TimeControl "2700+45"]

1. e4 c6 2. d4 d5 3. Nc3 dxe4 4. Nxe4 Bf5 5. Ng3 Bg6 6. Nf3 e6 7. h4 Bd6 8. Be3
h6 9. Qd2 Nd7 10. c3 Ngf6 11. h5 Bh7 12. Bd3 Bxg3 13. fxg3 Ng4 14. Bxh7 Rxh7 15.
Bf4 Ndf6 16. Qe2 Qd7 17. O-O-O Nd5 18. Ne5 Nxf4 19. gxf4 Nxe5 20. dxe5 Qe7 21.
Qe4 Rh8 22. Rh3 Rd8 23. Rhd3 Rxd3 24. Qxd3 g6 25. hxg6 Rg8 26. gxf7+ Qxf7 27.
Qd8# {Black checkmated} 1-0

[Event "Team 45 45 League T87"]
[Site "Internet Chess Club"]
[Date "2021.02.28"]
[Round "8"]
[White "GoIrish"]
[Black "clarinetref"]
[Result "0-1"]
[WhiteElo "1515"]
[BlackElo "1499"]
[Opening "Réti: King's Indian attack"]
[ECO "A05"]
[Time "09:04:24"]
[TimeControl "2700+45"]

1. Nf3 Nf6 2. g3 g6 3. b3 Bg7 4. Bb2 O-O 5. Bg2 c5 6. c4 Nc6 7. O-O d6 8. Nc3
Rb8 9. d3 a6 10. Qd2 b5 11. Rfd1 b4 12. Nd5 e5 13. Ne1 Nxd5 14. Bxd5 Nd4 15. e3
Nf5 16. Bg2 Bb7 17. e4 Nd4 18. Bxd4 cxd4 19. f4 Bh6 20. Qf2 f5 21. exf5 Bxg2 22.
Qxg2 Rxf5 23. Nf3 exf4 24. Nxd4 Qb6 25. c5 Qxc5 26. Rac1 Qxd4+ 27. Kh1 f3 28.
Qf1 Bxc1 29. Rxc1 Re8 30. Rc4 Qd5 31. Rc7 f2+ {White resigns} 0-1

[Event "Team 45 45 League T87"]
[Site "Internet Chess Club"]
[Date "2021.02.28"]
[Round "8"]
[White "sdcohle"]
[Black "dabodhi"]
[Result "1/2-1/2"]
[WhiteElo "1393"]
[BlackElo "1478"]
[Opening "King's pawn game"]
[ECO "C44"]
[Time "16:00:30"]
[TimeControl "2700+45"]

1. e4 e5 2. Nf3 Nc6 3. d3 Nf6 4. Be2 Bb4+ 5. c3 Ba5 6. O-O Bb6 7. Nbd2 d6 8. Nc4
O-O 9. Nxb6 axb6 10. h3 d5 11. Bg5 dxe4 12. dxe4 Qxd1 13. Rfxd1 Nxe4 14. Be3 h6
15. Bb5 Re8 16. a3 Bf5 17. Nh4 Be6 18. Bd3 Nd6 19. g4 Bb3 20. Rd2 e4 21. Bc2
Bxc2 22. Rxc2 g5 23. Ng2 Rad8 24. Rd1 Nc4 25. Rxd8 Rxd8 26. Kf1 Rd1+ 27. Ne1
N6e5 28. Ke2 Nxe3 29. fxe3 Rb1 30. c4 c5 31. Kf2 Kf8 32. Ke2 Ke7 {Game drawn by
mutual agreement} 1/2-1/2

[Event "Team 45 45 League T87"]
[Site "Internet Chess Club"]
[Date "2021.02.27"]
[Round "8"]
[White "PsyMar"]
[Black "harrington"]
[Result "0-1"]
[WhiteElo "1401"]
[BlackElo "1383"]
[Opening "Sicilian"]
[ECO "B56"]
[Time "09:00:56"]
[TimeControl "2700+45"]

1. e4 c5 2. Nf3 Nc6 3. d4 cxd4 4. Nxd4 Nf6 5. Nc3 d6 6. Be3 Ng4 7. Bg5 h6 8. Bh4
g5 9. Bg3 Bg7 10. Bb5 Qb6 11. Bxc6+ bxc6 12. Nf5 Be5 13. O-O Qxb2 14. Na4 Qxa1
15. Qxg4 Qxa2 16. Bxe5 dxe5 17. Nc5 Qxc2 18. Rd1 Qxc5 19. Qh5 Bxf5 {White
resigns} 0-1

[Event "Team 45 45 League T87"]
[Site "Internet Chess Club"]
[Date "2021.02.28"]
[Round "8"]
[White "gregorgg"]
[Black "Fulmar"]
[Result "1-0"]
[WhiteElo "1376"]
[BlackElo "1183"]
[Opening "Scotch opening"]
[ECO "C44"]
[Time "15:00:17"]
[TimeControl "2700+45"]

1. e4 e5 2. Nf3 Nc6 3. d4 f6 4. d5 Nce7 5. c4 d6 6. Bd3 Bg4 7. h3 Bd7 8. Nc3 h5
9. Be3 g5 10. c5 dxc5 11. Bxc5 b6 12. Ba3 Nh6 13. d6 cxd6 14. Bxd6 Ng6 15. Bxf8
Kxf8 16. Qd2 Nf4 17. O-O-O Bxh3 18. gxh3 Qd7 19. Bb5 Qxd2+ 20. Rxd2 f5 21. exf5
Nxf5 22. Nxg5 Rc8 23. Bd7 Ne2+ 24. Rxe2 Nd4 25. Bxc8 Nxe2+ 26. Nxe2 Ke7 27. Ba6
Kf6 28. h4 Kg6 29. Rd1 Kf5 30. Rd5 Kg4 31. Rxe5 Kxh4 32. Nf3+ Kg4 33. Nh2+ Kh3
34. Nf1 h4 35. Re3+ Kg2 36. Nf4+ Kxf2 37. Be2 Rc8+ 38. Kd2 Rd8+ 39. Bd3 a5 40.
Re6 Rf8 41. Nd5 Kg2 42. Rh6 h3 43. Nfe3+ Kg3 44. Be4 h2 45. Nf5+ Rxf5 46. Bxf5
Kg2 47. Be4+ Kg1 48. Nxb6 {Black resigns} 1-0